 Dungeon Crawl Stone Soup version 0.23.1 (webtiles) character file.

Game seed: 0

294 1994 the Chiller (level 6, 0/38 HPs)
             Began as an Octopode Ice Elementalist on Mar 9, 2019.
             Slain by a centaur skeleton (7 damage)
             ... on level 4 of the Dungeon.
             The game lasted 00:17:23 (4272 turns).

1994 the Chiller (Octopode Ice Elementalist)        Turns: 4272, Time: 00:17:23

Health: 0/38       AC:  1    Str:  7    XL:     6   Next: 33%
Magic:  4/19       EV: 14    Int: 22    God:
Gold:   254        SH:  0    Dex: 13    Spells: 1/11 levels left

rFire    . . .     SeeInvis .     - Unarmed
rCold    . . .     Gourm    .   (no shield)
rNeg     . . .     Faith    .   (helmet restricted)
rPois    .         Spirit   .   (no amulet)
rElec    .         Reflect  .   y - ring of attention (curse)
rCorr    .         Harm     .   f - ring of magical power
MR       .....                  s - +3 ring of intelligence
Stlth    ++........             (no ring)
HPRegen  0.12/turn              (no ring)
MPRegen  0.16/turn              (no ring)
                                (no ring)
                                (no ring)

@: very slightly contaminated
A: almost no armour, stealthy swim, amphibious, 8 rings, constrict 8, camouflage
1, gelatinous body 1
a: no special abilities


You were on level 4 of the Dungeon.
You were not hungry.

You visited 1 branch of the dungeon, and saw 4 of its levels.
You also visited: Sewer.

You collected 254 gold pieces.

Inventory:

Missiles
 r - 6 javelins (quivered)
Jewellery
 f - a ring of magical power (right tentacle)
 s - a +3 ring of intelligence (on tentacle)
 y - a cursed ring of attention (left tentacle)
Wands
 i - a wand of random effects (19)
 q - a wand of scattershot (2)
Scrolls
 c - 7 scrolls of identify {unknown}
 d - a scroll of immolation {unknown}
 e - 3 scrolls of remove curse {unknown}
 j - a scroll of fog {unknown}
 l - 2 scrolls of magic mapping {unknown}
 o - a scroll of enchant weapon {unknown}
 p - a scroll of noise {unknown}
 u - 2 scrolls of teleportation {unknown}
 w - a scroll of amnesia {unknown}
 A - 2 scrolls of blinking {unknown}
Potions
 a - a potion of curing {unknown}
 g - 3 potions of lignification {unknown}
 h - a potion of degeneration {unknown}
 k - a potion of brilliance {unknown}
 m - a potion of haste {unknown}
 n - a potion of resistance {unknown}
 t - a potion of heal wounds {unknown}
 v - a potion of agility {unknown}
 z - a potion of berserk rage {berserk}
Comestibles
 b - 7 rations
 x - a chunk of flesh


   Skills:
 + Level 1.3 Fighting
 + Level 3.2 Dodging
 - Level 3.0 Stealth
 + Level 1.2 Unarmed Combat
 * Level 3.2 Spellcasting
 * Level 2.3 Conjurations
 * Level 1.7 Charms
 * Level 4.0 Ice Magic


You had one spell level left.
You knew the following spells:

 Your Spells              Type           Power        Failure   Level  Hunger
a - Freeze                Ice            ###.         2%          1    None
b - Throw Frost           Conj/Ice       ###...       4%          2    ##.....
c - Ozocubu's Armour      Chrm/Ice       ###.....     11%         3    ###....
d - Throw Icicle          Conj/Ice       ###.....     32%         4    ####...

Your spell library contained the following spells:

 Spells                   Type           Power        Failure   Level  Hunger
 Summon Ice Beast         Ice/Summ       ##......     47%         4    ####...


Dungeon Overview and Level Annotations

Branches:
Dungeon (4/15)
 Temple: D:4-7

Altars:
Dithmenos
Nemelex Xobeh
Ru
Trog

Annotations:
D:4 exclusion: ogre


Innate Abilities, Weirdness & Mutations

You cannot wear most types of armour.
You are very stealthy in the water. (Stealth+)
You are amphibious.
You can wear up to eight rings at the same time.
You can use your tentacles to constrict eight enemies at once.
Your skin changes colour to match your surroundings (Stealth+).
Your rubbery body absorbs attacks. (AC +1, EV +1)


Message History

Aim: a centaur skeleton (severely damaged)
You miscast Throw Icicle.
You feel a strange surge of energy!
The centaur skeleton closely misses you.
You tentacle-slap the centaur skeleton.
The centaur skeleton is severely damaged.
The centaur skeleton hits you.
* * * LOW HITPOINT WARNING * * *
You tentacle-slap the centaur skeleton.
The centaur skeleton is almost destroyed.
The centaur skeleton closely misses you.
The centaur skeleton hits you.
* * * LOW HITPOINT WARNING * * *
You tentacle-slap the centaur skeleton.
You tentacle-slap the centaur skeleton, but do no damage.
The centaur skeleton is almost destroyed.
The centaur skeleton hits you but does no damage.
You tentacle-slap the centaur skeleton. You squeeze the centaur skeleton.
The centaur skeleton is almost destroyed.
The centaur skeleton hits you!
You die...

####.. #.#.#.#.
#.#.#.#.# ##
#.#.#.#.#
#.#.#.#.#.#
###.#.#.#.#
#..#.#.#.#
###.#.#.#.#
#....#.#@#
#.###.#.#Z#
#######.##.#.#.#.#
.>......###.#.#.#.#
######..##?#
#.#.#.# #..###
#.##.# #..# ...# #
##..####.#
###.....>.#


You could see a centaur skeleton.

Vanquished Creatures
  Purgy (Sewer)
  A bullfrog skeleton (D:4)
  Terence (D:2)
  2 iguanas (D:4)
  A worker ant zombie (D:3)
  2 adders
  2 worms
  4 dart slugs (D:1)
  5 leopard geckos
  2 orcs
  4 giant cockroaches
  2 hobgoblins
  A quokka (D:2)
  A ball python (D:1)
  11 bats
  2 frilled lizards (D:2)
  5 goblins (D:1)
  3 kobolds
  7 rats
57 creatures vanquished.

Vanquished Creatures (others)
  A giant cockroach (D:4)
1 creature vanquished.

Grand Total: 58 creatures vanquished

Notes
Turn   | Place    | Note
-------+----------+-------------------------------------------
     0 | D:1      | 1994 the Octopode Ice Elementalist began the quest for the
                  | Orb.
     0 | D:1      | Reached XP level 1. HP: 11/11 MP: 3/3
   161 | D:1      | Reached XP level 2. HP: 17/17 MP: 1/5
   208 | D:1      | Learned a level 2 spell: Throw Frost
   721 | D:1      | Reached XP level 3. HP: 12/21 MP: 3/6
  1117 | D:1      | Learned a level 3 spell: Ozocubu's Armour
  1159 | D:2      | Found a bloodstained altar of Trog.
  1164 | D:2      | Found a sparkling altar of Nemelex Xobeh.
  1165 | D:2      | Found a shadowy altar of Dithmenos.
  1218 | D:2      | Noticed Terence
  1224 | D:2      | Killed Terence
  1235 | D:2      | Reached XP level 4. HP: 17/27 MP: 0/7
  2264 | D:2      | Found a faded altar of an unknown god.
  2877 | D:3      | Found a sacrificial altar of Ru.
  3460 | D:4      | Noticed an ogre
  3522 | D:4      | Reached skill level 1 in Fighting
  3522 | D:4      | Reached skill level 1 in Charms
  3522 | D:4      | Reached XP level 5. HP: 33/33 MP: 0/9
  3599 | D:4      | Found a glowing drain.
  3634 | Sewer    | Entered a sewer
  3717 | Sewer    | Noticed Purgy
  3786 | Sewer    | Killed Purgy
  3786 | Sewer    | Reached skill level 1 in Unarmed Combat
  3786 | Sewer    | Reached XP level 6. HP: 16/38 MP: 0/10
  4062 | D:4      | Learned a level 4 spell: Throw Icicle
  4078 | D:4      | Reached skill level 4 in Ice Magic
  4272 | D:4      | Slain by a centaur skeleton

Skill      XL: |  1  2  3  4  5  6 |
---------------+-------------------+-----
Stealth        | 3 |  3.0
Fighting       | 1 |  1.3
Dodging        | 3 |  3.2
Charms         | 1 |  1.7
Unarmed Combat | 1 |  1.2
Spellcasting   | 3 |  3.2
Conjurations   | 2 |  2.3
Ice Magic      | 4 |  4.0

Action                   |  1- 3 |  4- 6 || total
-------------------------+-------+-------++-------
Melee: Unarmed           |    22 |    74 ||    96
       Constrict         |    14 |    19 ||    33
       Tentacles         |     4 |    13 ||    17
       Punch             |       |     1 ||     1
 Cast: Freeze            |    28 |    37 ||    65
       Ozocubu's Armour  |     1 |     3 ||     4
       Throw Frost       |       |     4 ||     4
       Throw Icicle      |       |     2 ||     2
  Use: Potion            |       |     1 ||     1
 Stab: Sleeping          |     5 |    10 ||    15
       Distracted        |     1 |       ||     1
  Eat: Chunk             |     1 |    11 ||    12
Armor: Skin              |     6 |    14 ||    20
Dodge: Dodged            |    14 |    85 ||    99
